 Dungeon Crawl Stone Soup version 0.27-a0-1188-g73eefd5def (webtiles) character file.

Game seed: 202224340136634855

1885 buriedalive the Nimble (level 8, 0/41 HPs)
             Began as a Deep Elf Ice Elementalist on May 20, 2021.
             Slain by NateTC's ghost (15 damage)
             ... on level 5 of the Dungeon.
             The game lasted 00:14:17 (8091 turns).

buriedalive the Nimble (Deep Elf Ice Elementalist)  Turns: 8091, Time: 00:14:18

Health: 0/41       AC:  4    Str:  5      XL:     8   Next: 92%
Magic:  15/26      EV: 16    Int: 23      God:
Gold:   165        SH:  0    Dex: 14 (15) Spells: 10/17 levels left

rFire    . . .     SeeInvis .   s - +1 rapier (elec)
rCold    . . .     Faith    .   (no shield)
rNeg     . . .     Spirit   .   q - +2 robe {Archmagi}
rPois    .         Reflect  .   (no helmet)
rElec    .         Harm     .   (no cloak)
rCorr    .         Rampage  .   (no gloves)
Will     .....                  (no boots)
Stlth    ++........             (no amulet)
HPRegen  0.13/turn              r - ring of magical power
MPRegen  0.20/turn              (no ring)

@: freezing walls, flying
A: no striking features
a: no special abilities


You were on level 5 of the Dungeon.
You visited 2 branches of the dungeon, and saw 7 of its levels.

You collected 165 gold pieces.

Inventory:

Hand Weapons
 e - a +0 short sword
 s - a +1 rapier of electrocution (weapon)
Missiles
 d - 123 stones
 v - 7 poisoned darts
Armour
 a - a +0 robe
 g - a +0 leather armour
 q - a +2 robe of the Archmagi (worn)
 w - a +2 kite shield
Magical Staves
 i - a staff of death
Jewellery
 r - a ring of magical power (left hand)
 y - a ring of fire
 A - a +6 ring of dexterity
Wands
 t - a wand of mindburst (16)
 u - a wand of digging (1)
Scrolls
 f - a scroll of noise {unknown}
 h - 2 scrolls of teleportation {unknown}
 l - a scroll of vulnerability {unknown}
 m - 2 scrolls of identify {unknown}
 n - a scroll of summoning {unknown}
 z - a scroll of acquirement {unknown}
 B - a scroll of immolation {unknown}
Potions
 b - 2 potions of flight
 c - 3 potions of curing
 j - a potion of brilliance {unknown}
 k - 3 potions of haste {unknown}
 o - 2 potions of lignification {unknown}
 p - 3 potions of berserk rage {unknown}
 x - a potion of might {unknown}


   Skills:
 + Level 9.8 Dodging
 - Level 2.4 Stealth
 - Level 5.0 Spellcasting
 + Level 9.7 Ice Magic


You had 10 spell levels left.
You knew the following spells:

 Your Spells              Type           Power      Damage    Failure   Level
a - Freeze                Ice            100%       1d11      1%          1
b - Frozen Ramparts       Ice            100%       1d12      1%          3
c - Ozocubu's Armour      Ice            66%        N/A       1%          3

Your spell library contained the following spells:

 Spells                   Type           Power      Damage    Failure   Level
 Ensorcelled Hibernation  Hex/Ice        84%        N/A       1%          2
 Beastly Appendage        Tmut           16%        N/A       10%         1
 Corona                   Hex            8%         N/A       10%         1
 Sandblast                Erth           16%        2d6       10%         1
 Hailstorm                Conj/Ice       42%        3d10      13%         4
 Ice Form                 Ice/Tmut       42%        N/A       13%         4
 Passwall                 Tmut/Erth      6%         N/A       14%         2
 Wereblood                Tmut           8%         N/A       14%         2
 Confusing Touch          Hex            8%         N/A       28%         3
 Dazzling Flash           Conj/Hex       16%        N/A       28%         3
 Spider Form              Tmut/Pois      4%         N/A       28%         3
 Stone Arrow              Conj/Erth      16%        3d8       28%         3
 Tukima's Dance           Hex            8%         N/A       28%         3
 Metabolic Englaciation   Hex/Ice        21%        N/A       34%         5
 Petrify                  Tmut/Erth      8%         N/A       67%         4
 Hydra Form               Tmut           4%         N/A       95%         5
 Lee's Rapid Deconstruct  Erth           4%         3d6*      95%         5


Dungeon Overview and Level Annotations

Branches:
Dungeon (6/15)             Temple (1/1) D:4

Altars:
Ashenzari
Cheibriados
Dithmenos
Hepliaklqana
Kikubaaqudgha
Makhleb
Nemelex Xobeh
Okawaru
Qazlal
Ru
Sif Muna
Trog
Uskayaw
Vehumet
Wu Jian
Xom
Yredelemnul
Zin
The Shining One

Shops:
D:4 =

Annotations:
D:5 1 transporter, NateTC's ghost, novice FoFi


Message History

You kill the quasit!
The wall freezes NateTC's ghost!
NateTC's ghost barely misses you.
Your icy armour and frozen ramparts will break if you move.
Continue? [Y]es or [N]o only, please.
Your icy armour and frozen ramparts will break if you move.
Continue?
Okay, then.
Your icy armour and frozen ramparts will break if you move.
Continue? [Y]es or [N]o only, please.
Your icy armour and frozen ramparts will break if you move.
Continue?
Your icy armour cracks and falls away as you move.
The frozen ramparts melt away as you move.
NateTC's ghost shrieks, "To die, to sleep, no more."
You see here a scroll labelled OMONWILOWADD.
B - a scroll labelled OMONWILOWADD NateTC's ghost hits you.
You see here 17 gold pieces.
Casting: Freeze (safe; 1% risk of failure)
Confirm with . or Enter, or press ? or * to list all spells.
Casting: Frozen Ramparts (safe; 1% risk of failure)
Press: ? - help, Dir - look around, f - activate You feel a surge of power!
The walls around you are covered in ice.
The wall freezes NateTC's ghost!
NateTC's ghost hits you!!
* * * LOW HITPOINT WARNING * * *
Unknown command.
It was a potion of flight.
You feel very buoyant.
You fly up into the air.
The wall freezes NateTC's ghost!
NateTC's ghost barely misses you.
It was a potion of curing.
You feel better.
The wall freezes NateTC's ghost.
NateTC's ghost hits you.
Casting: Frozen Ramparts (safe; 1% risk of failure)
Confirm with . or Enter, or press ? or * to list all spells.
Aiming: Freeze (safe; 1% risk of failure)
Press: ? - help, Shift-Dir - straight line, f - NateTC's ghost
Aim: NateTC's ghost (severely damaged)
You feel a surge of power!
You freeze NateTC's ghost.
NateTC's ghost is almost destroyed.
The wall freezes NateTC's ghost.
NateTC's ghost hits you!
You die...

.........'.......# #.......#
.####....####....# #.......# .#
#....# #....# #.......# ## #....#
###.## #.......#
#....#####...###.......#
####...................#
#######..####.©.####.......###
#.......##..#####..###.).....#
#.......#......W@.#..##..###.#
#......##.##...###....#..#...#
.......#.....#.....#.##.>#.######
#......#..##..©..#...#...#.......
#......#......#..##..#.#.#######.
###....##...#...#....#.#.# #.
#.....#©$..#......##.#.# #####.
#...(.##### .###.##..#.###.....
###.........####©###...........##


You could see NateTC's ghost.

Vanquished Creatures
  Pikel (D:5)
  Prince Ribbit (D:5)
  Eustachio (D:4)
  Duvessa (D:4)
  A black bear (D:4)
  An ogre (D:5)
  A lemure (D:5)
  Blork the orc (D:5)
  A scorpion (D:4)
  Dowan (D:4)
  A howler monkey (D:5)
  3 quasits (D:5)
  3 bullfrog skeletons
  A hound (D:4)
  An orc priest (D:3)
  2 centaur skeletons (D:4)
  2 iguanas
  An orc wizard (D:3)
  A hound skeleton (D:5)
  3 gnolls (D:4)
  7 adders
  An adder skeleton (D:4)
  2 worms
  A dart slug (D:1)
  10 orcs
  4 endoplasms
  6 giant cockroaches
  3 goblins
  5 hobgoblins
  5 jackals
  3 quokkas
  6 ball pythons
  7 bats
  5 frilled lizards
  7 kobolds
  3 rats
103 creatures vanquished.

Vanquished Creatures (others)
  8 plants (D:4)
8 creatures vanquished.

Grand Total: 111 creatures vanquished

Notes
Turn   | Place    | Note
-------+----------+-------------------------------------------
     0 | D:1      | buriedalive the Deep Elf Ice Elementalist began the quest
                  | for the Orb.
     0 | D:1      | Reached XP level 1. HP: 10/10 MP: 6/6
   255 | D:1      | Reached XP level 2. HP: 15/15 MP: 6/8
   487 | D:1      | Found a faded altar of an unknown god.
  1114 | D:2      | Reached XP level 3. HP: 12/19 MP: 3/10
  1484 | D:2      | Reached skill level 5 in Ice Magic
  1484 | D:2      | Reached XP level 4. HP: 11/24 MP: 8/12
  2780 | D:3      | Reached XP level 5. HP: 15/28 MP: 4/14
  3373 | D:3      | Learned a level 3 spell: Frozen Ramparts
  3377 | D:3      | Learned a level 3 spell: Ozocubu's Armour
  3844 | D:4      | Noticed a black bear
  4125 | D:4      | Reached skill level 5 in Spellcasting
  4401 | D:4      | Found Peudos's Jewellery Shop.
  4442 | D:4      | Found a staircase to the Ecumenical Temple.
  4458 | Temple   | Entered the Ecumenical Temple
  4858 | D:4      | Noticed Duvessa
  4868 | D:4      | Reached skill level 5 in Dodging
  4879 | D:4      | Noticed Dowan
  4882 | D:4      | Killed Duvessa
  4883 | D:4      | Reached XP level 6. HP: 27/32 MP: 5/15
  4901 | D:4      | Killed Dowan
  5240 | D:4      | Reached XP level 7. HP: 36/36 MP: 7/16
  6288 | D:4      | Noticed Eustachio
  6302 | D:4      | Killed Eustachio
  6977 | D:5      | Entered Level 5 of the Dungeon
  7011 | D:5      | Found a transporter.
  7020 | D:5      | Noticed NateTC's ghost (novice FoFi)
  7174 | D:5      | Noticed Blork the orc
  7183 | D:5      | Killed Blork the orc
  7198 | D:5      | Noticed Pikel
  7210 | D:5      | Killed Pikel
  7211 | D:5      | Reached XP level 8. HP: 13/41 MP: 16/17
  7592 | D:5      | Found a transporter.
  7658 | D:5      | You fall into a shaft and drop 1 floor!
  7658 | D:6      | Found a broken altar of Ashenzari.
  7669 | D:5      | Noticed Prince Ribbit
  7934 | D:5      | Killed Prince Ribbit
  8091 | D:5      | Slain by NateTC's ghost

Illustrated notes

Levels and vault maps discovered:
D:1:      nzn_arrival_depleted_hourglass, layout_rooms,
          hellmonk_ecumenical_altar_zigzags, lemuel_flame_loot_1
D:2:      layout_basic
D:3:      cheibrodos_old_hovel, layout_basic, minmay_quadrilaterals
D:4:      layout_loops_cross, minmay_temple_entry_gardened_gates, serial_shops,
          shop_fountains, uniq_eustachio, uniq_duvessa
D:5:      layout_basic, gammafunk_ghost_stat_death, uniq_pikel,
          uniq_prince_ribbit1, uniq_blork_the_orc
D:6:      layout_loops_ring, nicolae_overflow_hidden_temple, grunt_ministairs_9,
          kennysheep_generic_room_7, uniq_menkaure
Temple:   eino_narrow_crystal_temple

Skill      XL: |  1  2  3  4  5  6  7  8 |
---------------+-------------------------+-----
Dodging        | 3 4 5 6 8 9 |  9.8
Spellcasting   | 4 5 |  5.0
Ice Magic      | 5 6 9 |  9.7
Stealth        | |  2.4

Action                   |  1- 3 |  4- 6 |  7- 9 || total
-------------------------+-------+-------+-------++-------
Melee: Unarmed           |     9 |       |       ||     9
       Short sword       |    38 |    89 |    56 ||   183
       Rapier            |       |       |    28 ||    28
 Cast: Freeze            |    34 |    73 |    31 ||   138
       Frozen Ramparts   |       |     2 |    11 ||    13
       Ozocubu's Armour  |       |     1 |    10 ||    11
  Use: Potion            |       |       |     2 ||     2
 Stab: Sleeping          |     3 |     6 |     1 ||    10
Armor: Robe              |     9 |     1 |    45 ||    55
       Leather armour    |    17 |    26 |       ||    43
Dodge: Dodged            |    47 |   107 |   133 ||   287

Table legend: (Time is in decaauts)
 A = Elapsed time spent in this place.
 B = Non-inter-level travel time spent in this place.
 C = Inter-level travel time spent in this place.
 D = Time resting spent in this place.
 E = Time spent auto-exploring this place.
 F = Levels seen in this place.
 G = Mean time per level.
                   A        B        C        D        E       F      G
               +--------+--------+--------+--------+--------+-----+--------+
         Total |   8114 |   7919 |    195 |   3121 |   3705 |   7 | 1159.1 |
       Dungeon |   7882 |   7692 |    190 |   3121 |   3526 |   6 | 1313.7 |
        Temple |    232 |    227 |      5 |      0 |    179 |   1 |  232.0 |
               +--------+--------+--------+--------+--------+-----+--------+

Top non-repeatable levels by time:
     D:4: 2883 daAuts
     D:2: 1561 daAuts
     D:3: 1213 daAuts
     D:5: 1108 daAuts
     D:1: 1105 daAuts
  Temple: 232 daAuts
     D:6: 10 daAuts
